 Dungeon Crawl Stone Soup version 0.21-a0-444-g29a2fec (webtiles) character file.

1363 theanonym the Carver (level 8, -6/62 HPs)
             Began as a Minotaur Gladiator on Nov 17, 2017.
             Mangled by an orc warrior
             ... wielding a +0 trident
              (10 damage)
             ... on level 6 of the Dungeon.
             The game lasted 00:09:52 (5000 turns).

theanonym the Carver (Minotaur Gladiator)           Turns: 5000, Time: 00:09:53

Health: -6/62      AC:  5    Str: 24      XL:     8   Next: 38%
Magic:  7/7        EV:  9    Int:  5      God:
Gold:   409        SH:  5    Dex: 13 (14) Spells: 7/7 levels left

rFire    + . .     SeeInvis .   a - +0 long sword
rCold    . . .     Gourm    .   C - +0 buckler
rNeg     . . .     Faith    .   l - +0 chain mail
rPois    +         Spirit   .   c - +0 hat
rElec    .         Reflect  .   (no cloak)
rCorr    .         Harm     .   (no gloves)
MR       .....                  o - +0 pair of boots
Stlth    ..........             (no amulet)
HPRegen  0.20/turn              k - ring of protection from fire {rF+}
MPRegen  0.10/turn              B - ring of poison resistance (curse) {rPois}

@: mighty, hasted, very quick
A: retaliatory headbutt, horns 2, deformed body, poison resistance
a: no special abilities


Innate Abilities, Weirdness & Mutations

You reflexively headbutt those who attack you in melee.
You have a pair of horns on your head.
Armour fits poorly on your strangely shaped body.
Your system is resistant to poisons. (rPois)


   Skills:
 - Level 2.4 Fighting
 + Level 11.8 Long Blades
 - Level 2.0 Throwing
 - Level 3.2 Dodging
 - Level 4.0 Shields


You had 7 spell levels left.
You didn't know any spells.

Skill      XL: |  1  2  3  4  5  6  7  8 |
---------------+-------------------------+-----
Long Blades    | 4 5 6 8 9 10 11 | 11.8
Shields        | 2 4 |  4.0
Fighting       | |  2.4
Throwing       | |  2.0
Dodging        | |  3.2

Action                   |  1- 3 |  4- 6 |  7- 9 || total
-------------------------+-------+-------+-------++-------
Melee: Long sword        |    55 |   119 |   221 ||   395
       Headbutt          |     9 |    27 |    43 ||    79
Throw: Throwing net      |       |     1 |       ||     1
Evoke: Wand              |       |     5 |       ||     5
  Use: Potion            |     1 |     6 |     3 ||    10
       Scroll            |       |     8 |     1 ||     9
  Eat: Chunk             |     1 |     5 |     3 ||     9
       Bread ration      |       |       |     1 ||     1
Armor: Chain mail        |    38 |    44 |    89 ||   171
       Leather armour    |     1 |       |       ||     1
Dodge: Dodged            |    26 |    56 |   100 ||   182
Block: Buckler           |       |     3 |    53 ||    56
       Rpst.: Long sword |     3 |    11 |    21 ||    35

Inventory:

Hand Weapons
 a - a +0 long sword (weapon)
Missiles
 d - 2 throwing nets
 A - 8 tomahawks (quivered)
Armour
 c - a +0 hat (worn)
 e - a +0 leather armour
 l - a +0 chain mail (worn)
   (You found it on level 1 of the Dungeon)
 m - the +2 robe of Waisuk {+Fly rElec Dex-4, unknown}
   (You found it on level 4 of the Dungeon)

   It affects your dexterity (-4).
   It insulates you from electricity.
   It lets you fly.
 o - a +0 pair of boots (worn)
   (You found it on level 1 of the Dungeon)
 C - a +0 buckler (worn)
   (You found it on level 4 of the Dungeon)
Jewellery
 k - a ring of protection from fire (left hand) {rF+}
   (You found it on level 3 of the Dungeon)
 B - a cursed ring of poison resistance (right hand) {rPois}
   (You found it on level 4 of the Dungeon)
Wands
 i - a wand of iceblast (4/15)
   (You took it off Ijyb on level 3 of the Dungeon)
 D - a wand of flame (3/48)
   (You took it off Natasha on level 4 of the Dungeon)
 I - a wand of random effects (18/48)
   (You found it on level 5 of the Dungeon)
Scrolls
 b - a scroll of blinking
 f - a scroll of fog {!r}
 h - a scroll of remove curse
 j - a scroll of enchant weapon
 q - 2 scrolls of noise
 r - a scroll of identify
 t - a scroll of teleportation {!r}
 E - a scroll of recharging {unknown}
Potions
 n - a potion of resistance
 u - a potion of flight
 v - a potion of might
 w - a potion of heal wounds {unknown}
 z - a potion of brilliance
 J - a potion of lignification {unknown}
Books
 G - a book of Callings
   (You found it on level 5 of the Dungeon)

   Spells                             Type                      Level
   a - Summon Small Mammal            Summoning                    1
   b - Call Imp                       Summoning                    2
   c - Call Canine Familiar           Summoning                    3
   d - Summon Guardian Golem          Hexes/Summoning              3
   e - Summon Lightning Spire         Summoning/Air                4
   f - Summon Ice Beast               Ice/Summoning                4
Comestibles
 g - 23 fruits
 p - 4 meat rations
 s - 3 royal jellies
 x - 5 bread rations

Dungeon Overview and Level Annotations

Branches:
Dungeon (6/15)
 Temple: D:4-7

Altars:
Fedhas
Sif Muna
Uskayaw


You were on level 6 of the Dungeon.
You were not hungry.

You visited 1 branch of the dungeon, and saw 6 of its levels.
You also visited: Ossuary.

You collected 409 gold pieces.


Message History

You hear the slow rusting of a very distant drain.
You regained 6 hp, and now have 60/62 hp.
(D) Dungeon
Where to? (Enter - D:6 @ (x,y), ? - help)
Found 11 gold pieces.
An iguana comes into view.
You block the iguana's attack.
You slash the iguana! The iguana bites you!
You take 9 damage, and have 52/62 hp.
You hit the iguana but do no damage. The iguana bites you.
You take 3 damage, and have 49/62 hp.
You closely miss the iguana. The iguana bites you.
You take 4 damage, and have 45/62 hp.
You hit the iguana but do no damage. Your headbutt misses the iguana.
The iguana barely misses you.
You closely miss the iguana. You headbutt the iguana.
You block the iguana's attack.
You hit the iguana. You hit the iguana.
You kill the iguana!
You feel your dexterity returning.
No target in view!
You start resting.
Some of the chunks of flesh in your inventory have rotted away.
All of the chunks of flesh in your inventory have rotted away.
You hear the slow rusting of a very distant drain.
You regained 8 hp, and now have 53/62 hp.
(D) Dungeon
Where to? (Enter - D:6 @ (x,y), ? - help)
You now have 409 gold pieces (gained 11).
Found a chain mail.
Found a robe.
An orc comes into view.
The orc shouts!
You hear a shout!
The orc moves out of view.
A jackal skeleton comes into view.
You regained 2 hp, and now have 55/62 hp.
A hound zombie comes into view.
An orc warrior comes into view. It is wielding a short sword.
The orc warrior shouts!
You hear a shout!
Found 11 gold pieces and 7 poisoned needles.
A scorpion and 2 orc wizards come into view.
The orc wizard shouts!
You hear a shout!
The orc hits you but does no damage.
The orc wizard mumbles some strange words.
The orc wizard blinks!
You barely miss the jackal skeleton. You headbutt the jackal skeleton.
The jackal skeleton barely misses you.
You barely miss the jackal skeleton. The jackal skeleton barely misses you.
You furiously retaliate!
You headbutt the jackal skeleton!
You destroy the jackal skeleton!
You block the hound zombie's attack.
You hit the hound zombie.
The hound zombie bites you but does no damage.
You slash the hound zombie! The hound zombie barely misses you.
You riposte.
You hit the hound zombie. You slash the hound zombie!
You destroy the hound zombie!
You hit the orc. You hit the orc warrior. You closely miss the orc warrior.
You block the orc warrior's attack.
You hit the orc warrior.
The orc warrior hits you with a short sword.
You take 1 damage, and have 57/62 hp.
You closely miss the orc warrior.
The orc warrior hits you with a short sword!
You take 8 damage, and have 49/62 hp.
You hit the orc warrior. You headbutt the orc warrior!
The orc wizard gestures wildly while chanting.
The orc wizard seems to speed up.
You hear a shout!
Your chain mail prevents you from hitting the orc warrior.
The orc warrior hits you with a short sword!
You take 15 damage, and have 34/62 hp.
MASSIVE DAMAGE!!
You hit the orc warrior. You block the orc warrior's attack.
Your chain mail prevents you from hitting the orc warrior.
The orc warrior hits you with a short sword!
* * * LOW HITPOINT WARNING * * *
You take 7 damage, and have 27/62 hp.
You feel very mighty all of a sudden. You block the orc warrior's attack.
An orc warrior comes into view. It is wielding a trident.
You hit the orc warrior but do no damage.
You headbutt the orc warrior, but do no damage.
The orc wizard gestures wildly while chanting.
The orc wizard blinks!
The orc warrior hits you with a short sword!!
* * * LOW HITPOINT WARNING * * *
You take 20 damage, and have 7/62 hp.
MASSIVE DAMAGE!!
You slash the orc warrior! Your headbutt misses the orc warrior.
The orc warrior closely misses you.
You completely miss the orc warrior. You headbutt the orc warrior.
You kill the orc warrior!
You feel your dexterity returning.
Okay, then.
Unknown command.
It was a potion of haste.
You feel yourself speed up. The orc hits you.
* * * LOW HITPOINT WARNING * * *
The orc warrior hits you from afar with a trident!
You die...

**,,.,,** #[....###...#****..
**,,,..,,***#....#.....#####..
*,,,,...,,* #.................
*,,,,.(..,###................#
*,,,,.....#............†..#**#
*,,,,...s...#.............# ##
*,,,,....o..os............###.
*,,,,.$....##o#.#.........##..
*,,,,.....**#@#.#.....>.......
*,,,,....,* #.#.####.###......
*,,,,...,,* #.#.#*...# ##.....
****,,,,..,,,* #.#....###
####.. ,,,,,,,,.,,,** #.##.##*
#<. ******,,,,,** #.#*#* #..
******* #.# #.. ***#.#**** #..
*,,,,,,,,* #..


You could see an orc warrior, a scorpion and an orc.

Notes
Turn   | Place    | Note
-------+----------+-------------------------------------------
     0 | D:1      | theanonym the Minotaur Gladiator began the quest for the Orb.
     0 | D:1      | Reached XP level 1. HP: 18/18 MP: 0/0
   194 | D:1      | Reached skill level 4 in Long Blades
   283 | D:1      | Reached XP level 2. HP: 25/25 MP: 1/1
   595 | D:2      | Found a deep blue altar of Sif Muna.
   652 | D:2      | Reached skill level 5 in Long Blades
   792 | D:2      | Reached XP level 3. HP: 30/30 MP: 2/2
  1023 | D:3      | Found a hide-covered altar of Uskayaw.
  1129 | D:3      | Noticed Ijyb
  1145 | D:3      | Reached skill level 6 in Long Blades
  1145 | D:3      | Reached XP level 4. HP: 23/37 MP: 3/3
  1149 | D:3      | HP: 15/37 [gnoll/flail of protection (8)]
  1159 | D:3      | HP: 16/37 [Ijyb/enchanted club (1)]
  1164 | D:3      | HP: 8/37 [Ijyb/enchanted club (5)]
  1166 | D:3      | Killed Ijyb
  1473 | D:3      | Found a faded altar of an unknown god.
  2000 | D:4      | Reached XP level 5. HP: 42/42 MP: 4/4
  2030 | D:4      | Reached skill level 7 in Long Blades
  2097 | D:4      | Noticed Natasha
  2103 | D:4      | Killed Natasha
  2113 | D:4      | HP: 19/42 [orc wizard/puff of frost (4)]
  2118 | D:4      | HP: 9/42 [orc wizard/magic dart (10)]
  2451 | D:4      | Noticed an ogre
  2457 | D:4      | Reached skill level 8 in Long Blades
  2459 | D:4      | Gained mutation: Armour fits poorly on your strangely shaped body. [potion of mutation]
  2459 | D:4      | Gained mutation: Your system is resistant to poisons. (rPois) [potion of mutation]
  2462 | D:4      | Killed an ogre
  2462 | D:4      | Reached XP level 6. HP: 50/50 MP: 5/5
  2534 | D:4      | Got a bloodstained robe
  2660 | D:4      | Noticed Natasha
  2666 | D:4      | Killed Natasha
  2843 | D:4      | Reached skill level 9 in Long Blades
  2920 | D:4      | Noticed Natasha
  2925 | D:4      | Killed Natasha
  2932 | D:5      | Entered Level 5 of the Dungeon
  2969 | D:5      | Noticed an ice beast
  2986 | D:5      | Killed an ice beast
  2986 | D:5      | Reached skill level 2 in Shields
  2986 | D:5      | Reached XP level 7. HP: 37/56 MP: 6/6
  3054 | D:5      | HP: 26/56 [sky beast (5)]
  3267 | D:5      | Found a sand-covered staircase.
  3272 | Ossuary  | Entered an ossuary
  3289 | Ossuary  | Reached skill level 3 in Shields
  3297 | Ossuary  | HP: 26/56 [gnoll zombie (4)]
  3302 | Ossuary  | HP: 14/56 [elf zombie (2)]
  3314 | Ossuary  | HP: 8/56 [elf zombie (4)]
  3622 | Ossuary  | Reached skill level 10 in Long Blades
  3622 | Ossuary  | Reached skill level 4 in Shields
  4364 | D:5      | Reached XP level 8. HP: 44/62 MP: 7/7
  4606 | D:5      | Found a blossoming altar of Fedhas.
  4867 | D:6      | Reached skill level 11 in Long Blades
  4995 | D:6      | HP: 27/62 [orc warrior/short sword (8)]
  4997 | D:6      | HP: 7/62 [orc warrior/short sword (20)]
  5000 | D:6      | Mangled by an orc warrior

Vanquished Creatures
  An orc warrior (D:6)
  An ice beast (D:5)
  A black bear (D:6)
  A sky beast (D:5)
  An ogre (D:4)
  2 elf zombies (Ossuary)
  A water moccasin zombie (D:6)
  2 quasits (D:5)
  3 hounds
  An orc wizard (D:4)
  An iguana (D:6)
  Ijyb (D:3)
  Natasha (thrice) (D:4)
  4 worker ants
  2 hound zombies
  2 mummies (Ossuary)
  5 gnolls
  7 adders
  2 oozes
  An adder skeleton (D:4)
  3 dart slugs
  3 leopard geckos
  18 orcs
  4 bats
  3 giant cockroaches
  10 hobgoblins
  4 jackals
  A quokka (D:4)
  A ball python (D:4)
  5 frilled lizards
  5 gnoll zombies (Ossuary)
  14 goblins
  3 goblin zombies (Ossuary)
  2 hobgoblin zombies (Ossuary)
  A jackal skeleton (D:6)
  10 kobolds
  A leopard gecko skeleton (D:4)
  2 orc zombies (Ossuary)
  3 rats
135 creatures vanquished.
